 Dungeon Crawl Stone Soup version 0.32-a0-306-gfed3edf829 (webtiles) character file.

Game seed: 17747444929141296250

3990 Dittersdorf the Blocker (level 10, -5/65 HPs)
             Began as a Gargoyle Fighter on Feb 14, 2024.
             Was an Initiate of Gozag.
             Slain by a death yak (17 damage)
             ... on level 8 of the Dungeon.
             The game lasted 00:08:01 (5699 turns).

Dittersdorf the Blocker (Gargoyle Fighter)          Turns: 5699, Time: 00:08:01

Health: -5/65      AC: 23    Str: 23    XL:     10   Next: 22%
Magic:  0/10       EV:  8    Int: 16    God:    Gozag
Gold:   225        SH:  5    Dex:  9    Spells: 9/9 levels left

rFire   + . .        l - +6 mace of Bloody Death {flame, rElec rF+}
rCold   . . .        c - +0 buckler
rNeg    + . .        q - +0 chain mail
rPois   ∞            p - +1 helmet
rElec   +            z - +0 cloak
rCorr   .            u - +0 pair of gloves
SInv    .            (no boots)
Will    .....        m - amulet of guardian spirit Stlth
                     a - +4 ring of slaying
HPRegen 0.30/turn    y - +6 ring of intelligence
MPRegen 0.12/turn

%: guardian spirit
@: no status effects
A: sickness immunity, AC +7, negative energy resistance 1, electricity
resistance, torment resistance 1, petrification resistance
a: Renounce Religion, Potion Petition, Call Merchant, Bribe Branch


You were on level 8 of the Dungeon.
You worshipped Gozag.
Gozag was aware of your devotion.
You visited 2 branches of the dungeon, and saw 9 of its levels.

You collected 372 gold pieces.
You spent 50 gold pieces at shops.
You paid 97 gold pieces to Gozag.

Inventory:

Hand Weapons
 l - the +6 mace of Bloody Death (weapon) {flame, rElec rF+}
   (You found it on level 3 of the Dungeon)

   rF+:       It protects you from fire.
   rElec:     It insulates you from electricity.
 F - a +0 morningstar
Armour
 c - a +0 buckler (worn)
 p - a +1 helmet (worn)
 q - a +0 chain mail (worn)
 u - a +0 pair of gloves (worn)
 z - a +0 cloak (worn)
Jewellery
 a - a +4 ring of slaying (left hand)
 m - an amulet of guardian spirit (around neck)
 y - a +6 ring of intelligence (right hand)
 E - a ring of see invisible
Wands
 i - a wand of quicksilver (3)
 w - a wand of flame (42)
 C - a wand of digging (4)
Scrolls
 e - 6 scrolls of identify {unknown}
 f - 3 scrolls of teleportation {unknown}
 k - a scroll of poison {unknown}
 r - a scroll of amnesia {unknown}
 s - a scroll of summoning {unknown}
 x - a scroll of torment {unknown}
 D - a scroll of fear {unknown}
Potions
 b - a potion of magic {unknown}
 d - 2 potions of might
 g - a potion of berserk rage {unknown}
 h - a potion of degeneration {unknown}
 j - 5 potions of curing {unknown}
 n - a potion of mutation {unknown}
 o - 3 potions of heal wounds
 t - a potion of brilliance {unknown}
 v - 2 potions of lignification {unknown}
 A - a potion of enlightenment {unknown}


   Skills:
 + Level 8.6 Fighting
 + Level 7.5 Maces & Flails
 + Level 8.6 Armour
 + Level 8.6 Shields


You had 9 spell levels left.
You didn't know any spells.
Your spell library contained the following spells:

 Spells                   Type           Power      Damage    Failure   Level
 Summon Small Mammal      Summ           0%         N/A       80%         1
 Ensorcelled Hibernation  Hex/Ice        0%         N/A       91%         2
 Call Canine Familiar     Summ           0%         N/A       99%         3
 Passwall                 Erth           0%         N/A       99%         3
 Swiftness                Air            0%         N/A       99%         3
 Summon Blazeheart Golem  Fire/Summ      0%         N/A       100%        4


Dungeon Overview and Level Annotations

Branches:
Dungeon (8/15)             Temple (1/1) D:7
   Lair: D:8-11

Altars:
Ashenzari
Cheibriados
Dithmenos
Elyvilon
Fedhas
Gozag
Hepliaklqana
Kikubaaqudgha
Makhleb
Nemelex Xobeh
Okawaru
Qazlal
Ru
Sif Muna
Trog
Uskayaw
Vehumet
Wu Jian
Xom
Yredelemnul
Zin
The Shining One

Shops:
D:3 ?!!(


Innate Abilities, Weirdness & Mutations

You are immune to sickness and miasma.
Your stone body is resilient. (AC +7)
You are immune to poison.
You resist negative energy. (rN+)
You are resistant to electric shocks. (rElec)
You are resistant to unholy torment.
You are immune to petrification.


Message History

You block the killer bee simulacrum's attack.
The wight hits you but does no damage.
You hit the wight. You burn the wight.
The wight is severely damaged.
The hornet simulacrum hits you but does no damage.
The killer bee simulacrum completely misses you.
The wight hits you with a +0 spear.
You bludgeon the wight!! You burn the wight.
You destroy the wight!
You block the killer bee simulacrum's attack.
The hornet simulacrum hits you but does no damage.
The killer bee simulacrum hits you but does no damage.
The hornet simulacrum hits you. The hornet simulacrum freezes you!
The killer bee simulacrum hits you but does no damage. x2
Things that are here:
4 gold pieces; a +0 spear; a +0 robe You sock the killer bee simulacrum!
You melt the killer bee simulacrum.
The killer bee simulacrum vaporises!
The hornet simulacrum is distracted by your dazzling golden aura.
Okay, then.
You bludgeon the hornet simulacrum!!
You melt the hornet simulacrum!
The hornet simulacrum vaporises!
Okay, then.
You start resting.
A wight comes into view. It is wielding a +4 great sword.
A wight is nearby!
You now have 225 gold pieces (gained 5).
You see here a +0 short sword.
The electric eel shoots out a bolt of lightning at you!
The bolt of electricity hits you. You resist.
A death yak comes into view.
The death yak bellows!
The electric eel shoots out a bolt of lightning at you!
The bolt of electricity hits you. You resist.
Something shouts, "Scamper hence, thou bawdy fly-bitten bootlicker!"
The death yak gores you!
* * * LOW HITPOINT WARNING * * *
The death yak gores you!!
You die...
Your body crumbles into a pile of gold.

~~...........~≈~
..............# ..
..............# ...
.............# ....
..=.........##########....
######..#..$..............
.$......)z.............#
$$$..$$..###...Y......##
$........# #....@<)...#
#........# #..........#
########## ############


You could see a death yak and a wight.

Vanquished Creatures
  A troll (D:8)
  Grinder (D:3)
  2 wyverns (D:7)
  Eustachio (D:4)
  A water moccasin (D:7)
  2 ogres
  4 black bears
  2 centaurs
  3 phantoms
  A wolf (D:8)
  A kobold brigand (D:5)
  2 bullfrogs
  6 scorpions
  A gnoll sergeant (D:7)
  8 wights
  A hornet simulacrum (D:8)
  2 bombardier beetles
  2 hounds
  A jelly (D:7)
  5 orc priests
  A sleepcap (D:7)
  Jessica (D:3)
  3 iguanas
  6 orc wizards
  A killer bee simulacrum (D:8)
  Robin (D:3)
  8 gnolls
  7 adders
  3 shadow imps
  2 ribbon worms
  3 dart slugs
  27 orcs
  9 ball pythons
  5 endoplasms
  5 giant cockroaches
  14 goblins
  12 hobgoblins
  5 quokkas
  3 bats
  3 frilled lizards
  13 kobolds
  5 rats
184 creatures vanquished.

Notes
Turn   | Place    | Note
-------+----------+-------------------------------------------
     0 | D:1      | Dittersdorf the Gargoyle Fighter began the quest for the
                  | Orb.
     0 | D:1      | Reached XP level 1. HP: 14/14 MP: 1/1
   130 | D:1      | Reached XP level 2. HP: 19/19 MP: 2/2
   484 | D:1      | Reached XP level 3. HP: 20/23 MP: 3/3
   894 | D:2      | Reached XP level 4. HP: 29/29 MP: 4/4
  1284 | D:3      | Found Xazuetzuimuy's Weapon Boutique.
  1326 | D:3      | Identified the +6 mace of Bloody Death {flame, rElec rF+}
  1564 | D:3      | Noticed Robin
  1579 | D:3      | Reached XP level 5. HP: 23/33 MP: 3/5
  1583 | D:3      | Killed Robin
  1672 | D:3      | Found Tiattulu's Magic Scroll Shoppe.
  1703 | D:3      | Found Kayv's Distillery.
  1706 | D:3      | Bought a potion of heal wounds for 50 gold pieces
  1745 | D:3      | Found Dauphy's Distillery.
  1903 | D:3      | Noticed Grinder
  1913 | D:3      | Killed Grinder
  1914 | D:3      | Reached XP level 6. HP: 33/40 MP: 4/6
  2140 | D:3      | Noticed Jessica
  2142 | D:3      | Killed Jessica
  2287 | D:4      | Noticed Eustachio
  2293 | D:4      | Reached skill level 5 in Fighting
  2293 | D:4      | Reached skill level 5 in Shields
  2293 | D:4      | Reached XP level 7. HP: 44/44 MP: 7/7
  2323 | D:4      | Killed Eustachio
  2324 | D:4      | Reached skill level 5 in Armour
  3169 | D:5      | Entered Level 5 of the Dungeon
  3215 | D:5      | Reached XP level 8. HP: 50/51 MP: 8/8
  3245 | D:5      | Reached skill level 5 in Maces & Flails
  4011 | D:6      | Reached XP level 9. HP: 32/56 MP: 4/9
  4522 | D:7      | Found the +2 Maxwell's thermic engine {flame, freeze, rev}
  4874 | D:7      | Found a shimmering blue altar of Sif Muna.
  4874 | D:7      | Found a hide-covered altar of Uskayaw.
  5154 | D:7      | Found a staircase to the Ecumenical Temple.
  5255 | Temple   | Entered the Ecumenical Temple
  5277 | Temple   | Became a worshipper of Gozag Ym Sagoz the Greedy
  5489 | D:8      | Noticed a troll
  5497 | D:8      | Killed a troll
  5498 | D:8      | Reached XP level 10. HP: 61/64 MP: 8/10
  5693 | D:8      | Noticed a death yak
  5699 | D:8      | Slain by a death yak

Illustrated notes

Levels and vault maps discovered:
D:1:      lemuel_arrival_room, layout_basic, grunt_decor_arrowhead,
          due_unseen_surprise
D:2:      layout_basic
D:3:      layout_loops_corners, serial_shops, shop, nicolae_shop_behind_doors,
          nicolae_shop_hallway_stairs, shop, chequers_serial_rivers_micro_e,
          saegor_snake_ambush, uniq_robin, uniq_grinder, uniq_jessica
D:4:      layout_basic, nicolae_elevator_lobby_plus, uniq_eustachio
D:5:      layout_rooms
D:6:      layout_gridville, grunt_ministairs_11
D:7:      kennysheep_spiral_hall, layout_rooms, gammafunk_temple_overflow_pools,
          minmay_temple_entry_nine_rooms
D:8:      layout_rooms, serial_ice, serial_ice_m, serial_ice_j, serial_ice_e,
          serial_ice_o, hangedman_decor_growths, minmay_misc_feat_pillars,
          uniq_psyche, uniq_erica, uniq_grum
Temple:   nicolae_temple_bog_church

Skill      XL: |  1  2  3  4  5  6  7  8  9 |
---------------+----------------------------+-----
Fighting       | 4 5 6 8 |  8.6
Shields        | 4 5 7 8 |  8.6
Armour         | 4 5 6 8 |  8.6
Maces & Flails | 3 4 5 7 |  7.5

Action                     |  1- 3 |  4- 6 |  7- 9 | 10-12 || total
---------------------------+-------+-------+-------+-------++-------
  Melee: Flail             |   101 |    25 |       |       ||   126
         Mace              |       |    56 |   310 |    30 ||   396
   Stab: Distracted        |       |       |       |     1 ||     1
 Armour: Scale mail        |    82 |    53 |       |       ||   135
         Chain mail        |       |     5 |   307 |    65 ||   377
  Dodge: Dodged            |    51 |    35 |   163 |    35 ||   284
  Block: Buckler           |    23 |    22 |    92 |    18 ||   155

Table legend: (Time is in decaauts)
 A = Elapsed time spent in this place.
 B = Non-inter-level travel time spent in this place.
 C = Inter-level travel time spent in this place.
 D = Time resting spent in this place.
 E = Time spent auto-exploring this place.
 F = Levels seen in this place.
 G = Mean time per level.
                   A        B        C        D        E       F      G
               +--------+--------+--------+--------+--------+-----+--------+
         Total |   5825 |   5270 |    555 |    376 |   3656 |   9 |  647.2 |
       Dungeon |   5779 |   5268 |    511 |    376 |   3656 |   8 |  722.4 |
        Temple |     45 |      2 |     43 |      0 |      0 |   1 |   45.0 |
               +--------+--------+--------+--------+--------+-----+--------+

Top non-repeatable levels by time:
     D:3: 1172 daAuts
     D:7: 1160 daAuts
     D:4: 787 daAuts
     D:2: 664 daAuts
     D:5: 648 daAuts
     D:1: 639 daAuts
     D:6: 606 daAuts
     D:8: 100 daAuts
  Temple: 45 daAuts
